AoeStats
← 請給我黃金

Migration

509056654Analyzed
1v1 RM · 7d ago on Sep 25, 2026· 46m 15s· 2 players
Game mode
Random Map
Map size
132×132
Population
200
Speed
Normal
Resources
Standard
Victory
Conquest
Starting age
Dark Age
Ending age
Imperial Age
RankedLock teamsTeams togetherTeam positionsShared explorationLock speedFull tech treeHidden civsTurbo modeCheats
Victory
Defeat
🇭🇰 Varangians · Hong Kong SAR China
1186
+16
🇺🇸 Franks · United States
1192
-16
請給我黃金
13:24 Feudal Age
15:27 Gold Mining
15:35 Fletching
15:35 Double-Bit Axe
15:43 Gold Mining
16:17 Fishing Lines
19:46 Castle Age
18:08 Padded Archer Armor
19:56 Horse Collar
20:04 Loom
20:33 Forging
20:28 Scale Barding Armor
20:47 Medium Warships
20:28 Gillnets
21:56 Wheelbarrow
24:35 Heavy Plow
24:46 Bow Saw
25:11 Stone Mining
26:55 Iron Casting
28:07 Bloodlines
29:10 Scale Mail Armor
30:37 Town Watch
31:07 Hand Cart
36:52 Imperial Age
34:32 Squires
36:10 Chain Mail Armor
36:15 Chain Barding Armor
35:40 Vendel Legacy
38:00 Conscription
38:22 Light Cavalry
39:02 Husbandry
39:50 Town Patrol
39:45 Elite Jarl
41:30 Cavalier
45:28 Blast Furnace
45:03 Plate Barding Armor
44:25 Bodkin Arrow
Hawaii Ky
1:07 Loom
11:56 Feudal Age
19:18 Castle Age
17:34 Fletching
17:35 Double-Bit Axe
20:16 Bodkin Arrow
21:26 Padded Archer Armor
21:31 Scale Barding Armor
21:37 Forging
21:45 Bow Saw
22:46 Husbandry
23:49 Scale Mail Armor
33:30 Stone Mining
33:30 Gold Mining
34:11 Light Cavalry
41:39 Imperial Age
39:06 Gold Mining
38:50 Elite Skirmisher
40:03 Leather Archer Armor
42:27 Chain Barding Armor
Connection lost

Rejoining the realm…

Still unreachable

The connection could not be restored.

Session expired

The server has moved on; the page needs a fresh start.